 Dungeon Crawl Stone Soup version 0.30-a0-778-g2ef04afb54 (console) character file.

Game seed: 15029502858410156678

376 rlgrobin the Cleaver (level 7, -1/57 HPs)
             Began as a Meteoran Fighter on Feb 17, 2023.
             Slain by a brown ugly thing (11 damage)
             ... on level 6 of the Dungeon.
             The game lasted 00:02:55 (537 turns).

rlgrobin the Cleaver (Meteoran Fighter)              Turns: 537, Time: 00:02:55

Health: -1/57      AC:  3    Str: 19    XL:     7   Next: 24%
Magic:  8/8        EV: 10    Int: 11    God:
Gold:   111        SH:  5    Dex: 13    Spells: 6/6 levels left

rFire   . . .      SeeInvis .    a - +0 war axe
rCold   . . .      Faith    .    c - +0 buckler
rNeg    . . .      Spirit   .    g - +1 ring mail {rPois}
rPois   +          Reflect  .    m - +0 helmet
rElec   .          Harm     .    (no cloak)
rCorr   .          Rampage  .    (no gloves)
Will    .....                    (no boots)
Stlth   +                        (no amulet)
HPRegen 0.29/turn                (no ring)
MPRegen 0.11/turn                (no ring)

@: corroded, hasted, glowing, very quick
A: sense surroundings 1, otherworldly, glowing, explore regen
a: no special abilities


You were on level 6 of the Dungeon.
You visited 1 branch of the dungeon, and saw 6 of its levels.

You collected 111 gold pieces.

Inventory:

Hand Weapons
 a - a +0 war axe (weapon)
Missiles
 e - 6 javelins (quivered)
Armour
 c - a +0 buckler (worn)
 g - a +1 ring mail of poison resistance (worn)
 m - a +0 helmet (worn)
 p - a +0 plate armour
Potions
 b - a potion of attraction
 j - a potion of brilliance {unknown}
 l - 3 potions of ambrosia {unknown}
 q - 3 potions of lignification {unknown}


   Skills:
 - Level 3.2 Fighting
 + Level 8.4 Axes
 - Level 3.6 Armour
 - Level 3.6 Shields


You had 6 spell levels left.
You didn't know any spells.
Your spell library contained the following spells:

 Spells                   Type           Power      Damage    Failure   Level
 Summon Small Mammal      Summ           0%         N/A       61%         1
 Call Canine Familiar     Summ           0%         N/A       93%         3
 Summon Guardian Golem    Hex/Summ       0%         N/A       93%         3


Dungeon Overview and Level Annotations

Branches:
Dungeon (6/15) Zot: 3042
 Temple: D:4-7

Altars:


Innate Abilities, Weirdness & Mutations

You passively map a small area around you.
You are easily found by Zot.
You glow in the dark.
You regain HP and MP as you explore.


Message History

The bullfrog hits you but does no damage.
The bullfrog hits you but does no damage.
The bullfrog attacks as you move away!
The bullfrog hits you but does no damage.
The bullfrog closely misses you.
It was a potion of curing.
You feel better.
It was a potion of haste.
You feel yourself speed up.
The brown ugly thing closely misses you.
You hit the brown ugly thing but do no damage.
The brown ugly thing kicks you.
You are splashed with acid!
You hit the brown ugly thing.
The brown ugly thing is lightly wounded.
The brown ugly thing kicks you but does no damage.
You hit the brown ugly thing but do no damage.
The brown ugly thing is lightly wounded.
The brown ugly thing barely misses you.
You hit the brown ugly thing.
The brown ugly thing is lightly wounded.
You hit the brown ugly thing.
The brown ugly thing is moderately wounded.
You block the brown ugly thing's attack.
You slash the brown ugly thing!
The brown ugly thing is moderately wounded.
The brown ugly thing kicks you but does no damage.
You closely miss the brown ugly thing.
The brown ugly thing is moderately wounded.
The brown ugly thing kicks you! The acid corrodes you!
You are splashed with acid!
You barely miss the brown ugly thing.
The brown ugly thing is moderately wounded.
You slash the brown ugly thing!
The brown ugly thing is heavily wounded.
The brown ugly thing kicks you!
* * * LOW HITPOINT WARNING * * *
You are splashed with acid.
* * * LOW HITPOINT WARNING * * *
You hit the brown ugly thing.
The brown ugly thing is heavily wounded.
The brown ugly thing kicks you!
You die...

* ..............#*
, ...........#.## *
*###.######.#..#* #
* ,
###.######....#...
#.......g...#......
#.......F.........#
*
#........####.#..##
####...#### *#####
* ###Fu@.# ####..#
#...# * *##..# *
... *## *


You could see a brown ugly thing and a bullfrog.

Vanquished Creatures
  Grinder (D:5)
  A scorpion (D:5)
  A jelly (D:5)
  Terence (D:3)
  An iguana (D:4)
  An adder (D:5)
  A worm (D:4)
  2 dart slugs
  4 endoplasms
  A giant cockroach (D:1)
  4 kobolds
  A ball python (D:2)
  A frilled lizard (D:1)
  2 goblins (D:1)
  2 rats (D:2)
24 creatures vanquished.

Notes
Turn   | Place    | Note
-------+----------+-------------------------------------------
     0 | D:1      | rlgrobin the Meteoran Fighter began the quest for the Orb.
     0 | D:1      | Reached XP level 1. HP: 19/19 MP: 2/2
    74 | D:1      | Reached skill level 3 in Axes
    74 | D:1      | Reached XP level 2. HP: 26/26 MP: 3/3
   263 | D:3      | Noticed Terence
   277 | D:3      | Killed Terence
   278 | D:3      | Reached skill level 4 in Axes
   278 | D:3      | Reached XP level 3. HP: 20/31 MP: 4/4
   278 | D:3      | Reached XP level 4. HP: 24/38 MP: 5/5
   348 | D:4      | Reached skill level 5 in Axes
   391 | D:5      | Entered Level 5 of the Dungeon
   418 | D:5      | Noticed Grinder
   428 | D:5      | Paralysed by Grinder for 4 turns
   434 | D:5      | Paralysed by Grinder for 4 turns
   438 | D:5      | Killed Grinder
   439 | D:5      | Reached skill level 7 in Axes
   439 | D:5      | Reached XP level 5. HP: 30/45 MP: 6/6
   439 | D:5      | Reached XP level 6. HP: 34/51 MP: 7/7
   462 | D:5      | Reached XP level 7. HP: 36/57 MP: 8/8
   463 | D:5      | Reached skill level 8 in Axes
   503 | D:6      | Noticed a brown ugly thing
   537 | D:6      | Slain by a brown ugly thing

Illustrated notes

Levels and vault maps discovered:
D:1:      mushboom_english_gardens, layout_basic, minmay_fountain_box
D:2:      layout_loops_cross, minmay_crystal_room, kennysheep_donut,
          minmay_misc_feat_rows
D:3:      layout_basic, lemuel_crystal_altar, cheibriados_altar_1,
          ebering_ecumenical_altar_mist, minmay_misc_feat_five,
          bh_walls_and_bars, uniq_terence
D:4:      layout_cave_pools
D:5:      layout_loops_ring, minmay_temple_entry_statues, minivault_5,
          uniq_grinder
D:6:      layout_rooms, serial_shops, nicolae_shop_waterfront,
          uniq_crazy_yiuf_cottage, uniq_eustachio, uniq_maggie, uniq_edmund

Skill      XL: |  1  2  3  4  5  6  7 |
---------------+----------------------+-----
Axes           | 3 4 7 8 |  8.4
Fighting       | |  3.2
Armour         | |  3.6
Shields        | |  3.6

Action                     |  1- 3 |  4- 6 |  7- 9 || total
---------------------------+-------+-------+-------++-------
  Melee: War axe           |    41 |    24 |    12 ||    77
    Use: Scroll            |       |     5 |       ||     5
         Potion            |       |     1 |     2 ||     3
 Armour: Scale mail        |     3 |       |       ||     3
         Ring mail         |     8 |    12 |     6 ||    26
  Dodge: Dodged            |    19 |     6 |     5 ||    30
  Block: Buckler           |    12 |     8 |     1 ||    21

Table legend: (Time is in decaauts)
 A = Elapsed time spent in this place.
 B = Non-inter-level travel time spent in this place.
 C = Inter-level travel time spent in this place.
 D = Time resting spent in this place.
 E = Time spent auto-exploring this place.
 F = Levels seen in this place.
 G = Mean time per level.
                   A        B        C        D        E       F      G
               +--------+--------+--------+--------+--------+-----+--------+
         Total |    556 |    556 |      0 |      0 |      0 |   6 |   92.7 |
       Dungeon |    556 |    556 |      0 |      0 |      0 |   6 |   92.7 |
               +--------+--------+--------+--------+--------+-----+--------+

Top non-repeatable levels by time:
     D:1: 174 daAuts
     D:3: 111 daAuts
     D:5: 111 daAuts
     D:4: 63 daAuts
     D:2: 61 daAuts
     D:6: 34 daAuts
